 Dungeon Crawl Stone Soup version 0.31-a0-216-g22e908daa7 (webtiles) character file.

Game seed: 16835441144928988758

186 qw the Chopper (level 5, 0/32 HPs)
             Began as a Gargoyle Fighter on July 2, 2023.
             Killed by nerve-wracking pain
             ... invoked by a shadow imp
             ... summoned by Eustachio
              (5 damage)
             ... on level 4 of the Dungeon.
             The game lasted 00:01:17 (2603 turns).

qw the Chopper (Gargoyle Fighter)                   Turns: 2603, Time: 00:01:18

Health: 0/32       AC: 15    Str: 21      XL:     5   Next: 65%
Magic:  5/5        EV:  5    Int:  9      God:
Gold:   207        SH:  4    Dex:  7 (9)  Spells: 4/4 levels left

rFire   . . .        Y - +2 war axe
rCold   . . .        c - +0 buckler
rNeg    + . .        i - +0 plate armour
rPois   inf          (no helmet)
rElec   +            (no cloak)
rCorr   .            (no gloves)
SInv    .            (no boots)
Will    .....        (no amulet) Stlth
                     (no ring)
HPRegen 0.25/turn    (no ring)
MPRegen 0.09/turn

%: no passive effects
@: no status effects
A: sickness immunity, AC +4, negative energy resistance 1, electricity
resistance, torment resistance 1, petrification resistance
a: no special abilities


You were on level 4 of the Dungeon.
You visited 1 branch of the dungeon, and saw 4 of its levels.
You also visited: Sewer.

You collected 207 gold pieces.


Innate Abilities, Weirdness & Mutations

You are immune to sickness and miasma.
Your stone body is resilient. (AC +4)
You are immune to poison.
You resist negative energy. (rN+)
You are resistant to electric shocks. (rElec)
You are resistant to unholy torment.
You are immune to petrification.


   Skills:
 + Level 3.5 Fighting
 - Level 5.1 Axes
 - Level 3.2 Armour
 - Level 3.2 Shields


You had 4 spell levels left.
You didn't know any spells.
Your spell library was empty.

Inventory:

Hand Weapons
 e - a +0 whip
 Y - a +2 war axe (weapon)
Armour
 c - a +0 buckler (worn)
 g - a +1 cloak
 i - a +0 plate armour (worn)
Scrolls
 a - a scroll of identify
 k - a scroll of fog {unknown}
 n - a scroll of teleportation {unknown}
Potions
 b - a potion of haste {unknown}
 d - a potion of might
 f - a potion of cancellation {unknown}
 h - 2 potions of attraction {unknown}
 j - a potion of brilliance {unknown}
 l - a potion of curing
 m - a potion of lignification {unknown}

Dungeon Overview and Level Annotations

Branches:
Dungeon (4/15)              Sewer (visited)
 Temple: D:4-7

Altars:

Annotations:
D:4 Eustachio


Message History

You slash the bat!
You kill the bat!
The bat's corpse disappears in a puff of smoke!
You block the quasit's attack.
The quasit claws you but does no damage.
The quasit barely misses you.
Eustachio casts a spell.
The quasit bites you but does no damage.
The quasit claws you.
You feel clumsy. The quasit barely misses you.
You closely miss the quasit.
The quasit is heavily wounded.
You hit Eustachio. The quasit bites you. The quasit barely misses you.
You block the quasit's attack. Eustachio hits you with a +0 rapier.
The quasit bites you but does no damage.
The quasit claws you but does no damage. x2
You slash the quasit!
You kill the quasit!
The quasit disappears in a puff of smoke!
You hit the ufetubus but do no damage. You hit Eustachio but do no damage.
The ufetubus hits you but does no damage.
You block the ufetubus's attack. The ufetubus barely misses you. x2
Eustachio hits you but does no damage.
You barely miss Eustachio.
Eustachio is lightly wounded.
You miss the ufetubus. You completely miss the shadow imp.
You block the ufetubus's attack. x2; Eustachio barely misses you.
The ufetubus hits you but does no damage.
The ufetubus barely misses you.
The shadow imp hits you but does no damage.
You hit Eustachio.
Eustachio is lightly wounded.
You hit the shadow imp. You closely miss the ufetubus.
The ufetubus hits you but does no damage.
The ufetubus hits you. The shadow imp gestures at you.
Pain shoots through your body!
You die...

## #.## ###...###
#.......## ##
#......... ..
######.......# #.#
#...$..5@..#.# #.#
#ยค@5.##.#
##.######
#%#####.###.......#
#.............#
####.#..###...#
######.#..# #...#
#......#..#
#...#####
#.######..#
#........ #..#
#.#.##### #..#
#.#.#


You could see Eustachio, a shadow imp (summoned) and an ufetubus (summoned).

Vanquished Creatures
  Pargi (Sewer)
  An adder (Sewer)
  An ufetubus (D:4)
  5 worms
  6 ball pythons
  7 bats
  3 endoplasms
  3 giant cockroaches
  5 goblins
  2 hobgoblins (D:2)
  14 jackals
  2 frilled lizards
  5 kobolds
  8 rats
63 creatures vanquished.

Notes
Turn   | Place    | Note
-------+----------+-------------------------------------------
     0 | D:1      | qw the Gargoyle Fighter began the quest for the Orb.
     0 | D:1      | Reached XP level 1. HP: 14/14 MP: 1/1
     0 | D:1      | 0 ||| qw: Version: 0.3-a-35-g05ef00e
     0 | D:1      | 0 ||| qw: Game counter: 7828
     0 | D:1      | 0 ||| qw: Melee chars always use a shield: true
     0 | D:1      | 0 ||| qw: God list: Okawaru
     0 | D:1      | 0 ||| qw: Allow faded altars: false
     0 | D:1      | 0 ||| qw: Do Orc after clearing Dungeon:15 true
     0 | D:1      | 0 ||| qw: Do second Lair branch before Depths: true
     0 | D:1      | 0 ||| qw: Lair rune preference: random
     0 | D:1      | 0 ||| qw: Goals: Normal, Zot:1-4, Slime:5, God:TSO, Crypt,
                  | Tomb, Abyss, Pan, Hells, Win
     0 | D:1      | 0 ||| PLANNING D:1-11
    67 | D:1      | 67 ||| Stepping ~*~*~tactically~*~*~ (stealth).
    75 | D:1      | Reached skill level 2 in Axes
    85 | D:1      | Reached XP level 2. HP: 9/19 MP: 2/2
   271 | D:1      | 271 ||| Stepping ~*~*~tactically~*~*~ (hiding).
   278 | D:1      | Reached skill level 3 in Axes
   380 | D:1      | 380 ||| Stepping ~*~*~tactically~*~*~ (stealth).
   506 | D:1      | Reached XP level 3. HP: 23/23 MP: 3/3
   600 | D:1      | 600 ||| READING scroll labelled FACEAN OVARCH.
   601 | D:1      | 601 ||| READING scroll labelled ECZEXKURRIL.
   602 | D:1      | 602 ||| READING scroll labelled APTEJE VECSAF.
   603 | D:1      | 603 ||| READING scroll labelled FIKHEH IFAWAP.
   604 | D:1      | 604 ||| DRINKING 2 golden potions.
   749 | D:2      | 749 ||| Stepping ~*~*~tactically~*~*~ (stealth).
  1278 | D:2      | 1278 ||| Stepping ~*~*~tactically~*~*~ (stealth).
  1583 | D:2      | 1583 ||| READING scroll labelled TOIHEPN SOKLU.
  1663 | D:3      | Reached XP level 4. HP: 28/28 MP: 4/4
  1669 | D:3      | Found a faded altar of an unknown god.
  1816 | D:3      | 1816 ||| Stepping ~*~*~tactically~*~*~ (stealth).
  1934 | D:3      | 1934 ||| Stepping ~*~*~tactically~*~*~ (stealth).
  1946 | D:3      | 1946 ||| Stepping ~*~*~tactically~*~*~ (hiding).
  1947 | D:3      | 1947 ||| Stepping ~*~*~tactically~*~*~ (hiding).
  1953 | D:3      | Reached skill level 4 in Axes
  2080 | D:3      | 2080 ||| READING scroll labelled BAEGIE UKHEQO.
  2081 | D:3      | 2081 ||| READING scroll labelled NOUCLABBOK.
  2092 | D:4      | 2092 ||| PLANNING SEWER
  2256 | D:4      | Found a glowing drain.
  2266 | D:4      | 2266 ||| UPGRADING to +0 plate armour.
  2276 | D:4      | 2276 ||| DROPPING +0 scale mail.
  2289 | Sewer    | Entered a sewer
  2298 | Sewer    | 2298 ||| READING scroll of enchant weapon.
  2298 | Sewer    | 2298 ||| ENCHANTING +1 war axe.
  2304 | Sewer    | Noticed Pargi
  2318 | Sewer    | Killed Pargi
  2319 | Sewer    | Reached skill level 5 in Axes
  2319 | Sewer    | Reached XP level 5. HP: 10/32 MP: 5/5
  2525 | D:4      | 2525 ||| PLANNING D:1-11
  2582 | D:4      | Noticed Eustachio
  2600 | D:4      | HP: 5/32 [Eustachio/+0 rapier (4)]
  2603 | D:4      | Killed from afar by a shadow imp

Levels and vault maps discovered:
D:1:      tarquinn_simple_flora_water_b, layout_rooms
D:2:      layout_basic, serial_glass, glass_columns_a, glass_columns_a
D:3:      layout_basic, dreamdust_ecumenical_altar_angels_and_demons,
          hangedman_decor_slide_cut
D:4:      layout_loops_ring, cheibrodos_sewer_entry_sluice,
          nicolae_figureground_sparkle, uniq_blork_the_orc, uniq_eustachio

Skill      XL: |  1  2  3  4 |
---------------+-------------+-----
Axes           | 2 3 5 |  5.1
Fighting       | |  3.5
Armour         | |  3.2
Shields        | |  3.2

Action                     |  1- 3 |  4- 6 || total
---------------------------+-------+-------++-------
  Melee: War axe           |   115 |    75 ||   190
    Use: Scroll            |     5 |     3 ||     8
         Potion            |     1 |       ||     1
 Armour: Scale mail        |    66 |    24 ||    90
         Plate armour      |       |    93 ||    93
  Dodge: Dodged            |    61 |    58 ||   119
  Block: Buckler           |    24 |    27 ||    51

Table legend:
 A = Non-vault XP
 B = Vault XP
 C = Vault XP percentage of total XP
 D = Non-vault monster count
 E = Vault monster count
 F = Vault count percentage of total count
                 A         B        C        D         E       F
            +---------+---------+-------+---------+---------+-------
      Total |     111 |     155 |  58.3 |      55 |       8 |  12.7
            +---------+---------+-------+---------+---------+-------
        D:1 |      35 |       0 |   0.0 |      21 |       0 |   0.0
        D:2 |      43 |       0 |   0.0 |      20 |       0 |   0.0
        D:3 |      22 |       0 |   0.0 |      11 |       0 |   0.0
        D:4 |      11 |       4 |  26.7 |       3 |       3 |  50.0
      Sewer |       0 |     151 | 100.0 |       0 |       5 | 100.0
            +---------+---------+-------+---------+---------+-------
